AoeStats
← VIZCARRATA

Hill Fort

506996781Analyzed
4v4 RM · 17d ago on Sep 16, 2026· 41m 43s· 8 players
Game mode
Random Map
Map size
Large (8 player)
Population
200
Speed
Normal
Resources
Standard
Victory
Conquest
Starting age
Dark Age
Ending age
Imperial Age
RankedLock teamsTeams togetherTeam positionsShared explorationLock speedFull tech treeHidden civsTurbo modeCheats
Victory
Defeat
🇺🇸 Armenians · United States
1007
+15
🇲🇽 Aztecs · Mexico
960
+17
🇺🇸 Britons · United States
946
+17
🇺🇸 Huns · United States
929
+18
🇨🇳 Bohemians · China
1027
-19
🇵🇪 Byzantines · Peru
976
-17
🇮🇳 Franks · India
974
-17
🇨🇳 Sicilians · China
915
-14
antonio35604
0:36 Loom
9:59 Feudal Age
17:02 Castle Age
14:53 Horse Collar
15:16 Double-Bit Axe
15:59 Stone Mining
17:37 Wheelbarrow
18:02 Bow Saw
18:00 Heavy Plow
18:31 Town Watch
22:59 Fletching
23:10 Padded Archer Armor
23:04 Elite Skirmisher
24:24 Bodkin Arrow
26:49 Leather Archer Armor
34:31 Imperial Age
32:21 Hand Cart
31:59 Gold Mining
35:30 Bracer
36:32 Chemistry
35:54 Ballistics
37:01 Siege Engineers
37:53 Atlatl
38:26 Conscription
41:20 Murder Holes
41:07 Treadmill Crane
mgaitaniella
11:25 Feudal Age
9:41 Loom
17:32 Castle Age
16:51 Double-Bit Axe
17:56 Gold Mining
19:24 Gold Shaft Mining
21:17 Fletching
24:55 Stone Mining
25:48 Padded Archer Armor
26:58 Leather Archer Armor
28:47 Bloodlines
29:46 Wheelbarrow
34:13 Imperial Age
33:44 Marauders
33:56 Scale Barding Armor
34:02 Forging
34:02 Murder Holes
34:20 Horse Collar
35:18 Husbandry
35:42 Conscription
37:55 Iron Casting
37:41 Chain Barding Armor
39:59 Heavy Plow
42:10 Bow Saw
SIR DAGGY
11:32 Feudal Age
12:01 Double-Bit Axe
14:02 Horse Collar
20:18 Castle Age
19:05 Wheelbarrow
18:18 Loom
21:45 Bow Saw
21:37 Heavy Plow
22:36 Gold Mining
24:29 Hand Cart
24:41 Pikeman
24:45 Man-at-Arms
25:10 Gambesons
25:26 Squires
25:11 Arson
26:05 Scale Mail Armor
26:16 Forging
25:36 Long Swordsman
26:22 Two-Handed Swordsman
28:05 Gold Shaft Mining
28:38 Chain Mail Armor
28:37 Pikeman
32:26 Champion
32:39 Champion
34:58 Iron Casting
38:20 Fletching
38:30 Padded Archer Armor
39:27 Bodkin Arrow
42:43 Imperial Age
40:32 Leather Archer Armor
40:35 Murder Holes
41:01 Ballistics
hank
VIZCARRATA
vper1490
11:46 Feudal Age
13:25 Double-Bit Axe
13:24 Horse Collar
14:30 Loom
19:27 Fletching
21:58 Wheelbarrow
24:28 Castle Age
23:20 Padded Archer Armor
24:56 Crossbowman
26:48 Leather Archer Armor
26:29 Bodkin Arrow
27:35 Fervor
37:46 Chemistry
37:07 Ballistics
37:24 Bow Saw
真我,无我
12:36 Feudal Age
10:53 Loom
13:07 Double-Bit Axe
13:10 Horse Collar
20:06 Castle Age
19:40 Wheelbarrow
20:17 Gold Mining
20:17 Stone Mining
21:53 Bow Saw
23:38 Gold Shaft Mining
23:38 Stone Shaft Mining
24:12 Heavy Plow
26:30 Town Watch
27:12 Forging
27:07 Scale Barding Armor
27:06 Scale Mail Armor
28:07 Hand Cart
28:26 Town Patrol
29:11 Stone Shaft Mining
29:53 Forging
29:59 Chain Mail Armor
35:32 Imperial Age
34:53 Iron Casting
35:51 First Crusade
35:41 Elite Serjeant
36:42 Conscription
37:37 Blast Furnace
37:43 Plate Mail Armor
39:07 Squires
38:53 Gambesons
39:12 Gambesons
39:14 Arson
40:30 Crop Rotation
dushyanthkuthati
0:52 Loom
Connection lost

Rejoining the realm…

Still unreachable

The connection could not be restored.

Session expired

The server has moved on; the page needs a fresh start.